 Dungeon Crawl Stone Soup version 0.20-a0-303-g575bbf7 (webtiles) character file.

2069 junb69 the Carver (level 9, -5/82 HPs)
             Began as a Red Draconian Gladiator on Dec 17, 2016.
             Slain by a gargoyle
             ... wielding a cursed -2 flail
              (13 damage)
             ... on level 7 of the Dungeon.
             The game lasted 00:24:39 (8574 turns).

junb69 the Carver (Red Draconian Gladiator)         Turns: 8574, Time: 00:24:41

Health: -5/82      AC:  8    Str: 22    XL:     9   Next: 5%
Magic:  9/9        EV: 13    Int: 11    God:
Gold:   313        SH:  0    Dex: 12    Spells: 8/8 levels left

rFire  + . .     SeeInvis .     z - +2 long sword (holy)
rCold  . . .     Gourm    .     (armour unavailable)
rNeg   . . .     Faith    .     (no shield)
rPois  .         Spirit   .     b - +0 hat
rElec  .         Reflect  .     (no cloak)
rCorr  .         Harm     .     y - +0 pair of gloves
MR     .....                    (no boots)
Stlth  +.........               (no amulet)
                                (no ring)
                                r - +4 ring of strength

@: short of breath, starving
A: breathe fire, unfitting armour, fire resistance 1, cold-blooded, AC +7
a: Breathe Fire


You were on level 7 of the Dungeon.
You were starving.

You visited 2 branches of the dungeon, and saw 8 of its levels.
You also visited: Ossuary.

You collected 313 gold pieces.

Inventory:

Hand Weapons
 s - a +0 blowgun
 z - a +2 long sword of holy wrath (weapon)
Missiles
 c - 4 throwing nets (quivered)
 x - 10 poisoned needles
 A - 2 needles of sleeping
Armour
 b - a +0 hat (worn)
 y - a +0 pair of gloves (worn)
Jewellery
 r - a +4 ring of strength (left hand)
Wands
 q - a wand of acid (3/15)
 C - a wand of iceblast (11/15)
Scrolls
 e - 2 scrolls of random uselessness
 f - 4 scrolls of remove curse
 g - 2 scrolls of noise {unknown}
 h - 4 scrolls of teleportation
 m - a scroll of recharging {unknown}
 o - a scroll of immolation {unknown}
 p - 2 scrolls of blinking
 u - 4 scrolls of enchant armour
 w - 3 scrolls of magic mapping
Potions
 k - a potion of curing
 l - a potion of might {unknown}
 t - a potion of degeneration
 B - a potion of resistance
 D - a potion of heal wounds
 E - 2 potions of beneficial mutation {unknown}
Books
 v - a book of Maledictions

   Spells                             Type                      Level
   a - Corona                         Hexes                        1
   b - Ensorcelled Hibernation        Hexes/Ice                    2
   c - Confuse                        Hexes                        3
   d - Tukima's Dance                 Hexes                        3
   e - Dazzling Spray                 Conjuration/Hexes            3
Comestibles
 a - 2 slices of pizza
 d - 5 bread rations
 i - 5 beef jerkies
 j - 6 meat rations


   Skills:
 * Level 8.4 Fighting
 - Level 9.8 Long Blades
 - Level 1.7 Throwing
 - Level 2.6 Dodging


You had 8 spell levels left.
You didn't know any spells.

Dungeon Overview and Level Annotations

Branches:
Dungeon (7/15)             Temple (1/1) D:4

Altars:
Cheibriados
Dithmenos
Elyvilon
Fedhas
Gozag
Hepliaklqana
Kikubaaqudgha
Makhleb
Okawaru
Qazlal
Ru
Sif Muna
Trog
Uskayaw
Vehumet
Xom
Yredelemnul
Zin
The Shining One

Annotations:
D:5 Dowan, Duvessa


Innate Abilities, Weirdness & Mutations

You can breathe blasts of fire.
Your fiery red scales are hard. (AC +7)
You cannot fit into any form of body armour.
Your flesh is heat resistant. (rF+)
You are cold-blooded and may be slowed by cold attacks.


Message History

The stone arrow hits you!
You hit the gargoyle but do no damage.
The gargoyle is severely damaged.
The gargoyle hurls a stone arrow at you.
The stone arrow misses you.
You hit the gargoyle but do no damage.
The gargoyle is severely damaged.
The gargoyle barely misses you.
You hit the gargoyle but do no damage.
The gargoyle is severely damaged.
The gargoyle hits you with a flail!
* * * LOW HITPOINT WARNING * * *
You start eating one of the 5 bread rations.
Keep eating?
You continue eating.
The gargoyle hits you with a flail!
* * * LOW HITPOINT WARNING * * *
You continue eating.
The gargoyle hits you with a flail!
You die...

#.....†...# #.#
#.##########. #.# #.#
#.##.# #.# #.##.#
#.##########.##.#
####............##.#
.........###.##.##.#
.................9.###
####............@....#
#.###.######.######
####.###.######.#
................#
####.###.######.####
#.# #.# #....# #.# #.#
#.##.#
#.###.######.##.#
#...............#


You could see a gargoyle.

Vanquished Creatures
  Sigmund (D:4)
  A water moccasin (D:7)
  An orc warrior (D:6)
  An ice beast (D:6)
  A hornet zombie (D:6)
  2 phantoms (D:5)
  An ogre (D:5)
  A bullfrog (D:6)
  2 elf zombies (Ossuary)
  4 killer bees (D:7)
  A howler monkey (D:5)
  2 crimson imps
  2 gnoll shamans
  2 hounds
  A jelly (D:6)
  An orc priest (D:6)
  3 orc wizards
  4 worker ants
  An iguana (D:4)
  A hound zombie (D:5)
  A hound skeleton (D:4)
  4 mummies (Ossuary)
  12 gnolls
  6 adders
  A shadow imp (D:7)
  3 oozes
  An adder zombie (D:7)
  An adder skeleton (D:6)
  3 worms
  A dart slug (D:1)
  6 leopard geckos
  12 orcs
  3 bats
  6 giant cockroaches
  A gnoll zombie (Ossuary)
  6 goblins
  6 hobgoblins
  14 jackals
  3 kobolds
  3 quokkas
  10 frilled lizards
  3 goblin zombies (Ossuary)
  A hobgoblin zombie (Ossuary)
  A jackal zombie (Ossuary)
  A kobold zombie (Ossuary)
  A leopard gecko skeleton (D:4)
  2 orc zombies (Ossuary)
  7 rats
  A rat zombie (Ossuary)
153 creatures vanquished.

Notes
Turn   | Place    | Note
-------+----------+-------------------------------------------
     0 | D:1      | junb69 the Draconian Gladiator began the quest for the Orb.
     0 | D:1      | Reached XP level 1. HP: 17/17 MP: 1/1
   146 | D:1      | Reached XP level 2. HP: 25/25 MP: 2/2
   973 | D:2      | Found a shimmering altar of Xom.
  1191 | D:2      | Found a faded altar of an unknown god.
  1211 | D:2      | Reached XP level 3. HP: 31/31 MP: 3/3
  1564 | D:2      | Found a burning altar of Makhleb.
  1573 | D:2      | Found a snail-covered altar of Cheibriados.
  1684 | D:3      | Reached skill level 4 in Long Blades
  1700 | D:3      | Reached XP level 4. HP: 40/40 MP: 4/4
  2003 | D:2      | Found a shadowy altar of Dithmenos.
  2003 | D:2      | Found a white marble altar of Elyvilon.
  2154 | D:2      | Found a hide-covered altar of Uskayaw.
  2364 | D:2      | Reached XP level 5. HP: 11/46 MP: 5/5
  3179 | D:4      | Found a radiant altar of Vehumet.
  3185 | D:4      | Noticed Sigmund
  3492 | D:2      | Reached skill level 5 in Long Blades
  3506 | D:2      | HP: 3/70 [poisoned by a worker ant]
  3512 | D:2      | HP: 2/70 [poisoned by a worker ant]
  3520 | D:2      | HP: 2/70 [poisoned by a worker ant]
  4055 | D:4      | Killed Sigmund
  4055 | D:4      | Reached skill level 5 in Fighting
  4055 | D:4      | Reached XP level 6. HP: 50/56 MP: 6/6
  4504 | D:4      | Found a staircase to the Ecumenical Temple.
  4536 | Temple   | Entered the Ecumenical Temple
  4738 | D:4      | Found a basalt altar of Yredelemnul.
  5215 | D:5      | Entered Level 5 of the Dungeon
  5280 | D:5      | Reached skill level 6 in Long Blades
  5348 | D:5      | Your scales start taking on a fiery red colour.
  5348 | D:5      | Reached XP level 7. HP: 61/62 MP: 7/7
  5348 | D:5      | Gained mutation: Your flesh is heat resistant. (rF+) [Red Draconian growth]
  5463 | D:5      | Reached skill level 7 in Long Blades
  5877 | D:5      | Noticed Duvessa
  5879 | D:5      | Noticed Dowan
  6216 | D:5      | Reached skill level 8 in Long Blades
  6595 | D:6      | Reached XP level 8. HP: 57/70 MP: 8/8
  6667 | D:6      | Found a bloodstained altar of Trog.
  6946 | D:6      | Reached skill level 9 in Long Blades
  6991 | D:6      | Found an iron altar of Okawaru.
  7452 | D:7      | Found a sand-covered staircase.
  7456 | Ossuary  | Entered an ossuary
  8399 | D:7      | Reached XP level 9. HP: 57/81 MP: 9/9
  8549 | D:7      | Noticed a gargoyle
  8574 | D:7      | Slain by a gargoyle

Vault maps used:
D:1:      dpeg_arrival_chase, minmay_misc_feat_plants, lemuel_flame_loot_1
D:2:      xom_butterflies, nicolae_overflow_hidden_temple,
          amethyst_overflow_temple_binary, serial_glass, glass_columns_b,
          glass_columns_a, glass_columns_c, glass_columns_c,
          chequers_ecumenical_altar_island, first_bread
D:3:      serial_bayou, serial_bayou_lagoon_a, serial_bayou_pond_c,
          serial_bayou_pond_e, serial_bayou_pond_e, serial_bayou_lagoon_b
D:4:      kennysheep_mini, overflow_temple_1_default, st_stairs_12, uniq_sigmund
D:5:      uniq_duvessa
D:6:      okawaru_gym_becter, nicolae_sextant, nrook_mini_backslash, bloody_trog
D:7:      nicolae_ossuary_entry_false_entrances, serial_shops, shop
Temple:   nicolae_temple_figure_zero
Ossuary:  ossuary_minmay_tomb_2a

Skill      XL: |  1  2  3  4  5  6  7  8 |
---------------+-------------------------+-----
Fighting       | 3 4 5 8 |  8.4
Long Blades    | 4 5 6 8 9 |  9.8
Throwing       | |  1.7
Dodging        | |  2.6

Action                   |  1- 3 |  4- 6 |  7- 9 || total
-------------------------+-------+-------+-------++-------
Melee: Long sword        |    75 |   156 |   236 ||   467
       Tailslap          |    10 |    17 |    32 ||    59
 Fire: Blowgun           |       |    16 |       ||    16
 Abil: Breathe Fire      |       |       |    20 ||    20
Evoke: Wand              |     1 |     3 |       ||     4
  Use: Potion            |       |     6 |     3 ||     9
       Scroll            |       |       |     6 ||     6
 Stab: Sleeping          |     4 |       |       ||     4
  Eat: Chunk             |     3 |    10 |     9 ||    22
       Fruit             |       |       |     5 ||     5
Armor: Skin              |    17 |    57 |    52 ||   126
Dodge: Dodged            |    36 |   161 |   127 ||   324
       Rpst.: Long sword |    10 |    48 |    34 ||    92
